 Dungeon Crawl Stone Soup version 0.30-a0-161-gdd60e06945 (webtiles) character file.

Game seed: 1822696132763581327

44 qw the Chopper (level 3, 0/23 HPs)
             Began as a Gargoyle Fighter on Sept 27, 2022.
             Slain by Ijyb
             ... wielding a +0 club
              (5 damage)
             ... on level 2 of the Dungeon.
             The game lasted 00:00:30 (1296 turns).

qw the Chopper (Gargoyle Fighter)                   Turns: 1296, Time: 00:00:31

Health: 0/23       AC: 11    Str: 21    XL:     3   Next: 60%
Magic:  3/3        EV:  7    Int:  8    God:
Gold:   50         SH:  4    Dex:  9    Spells: 2/2 levels left

rFire   . . .      SeeInvis .    Y - +0 war axe
rCold   . . .      Faith    .    c - +0 buckler
rNeg    + + .      Spirit   .    g - +3 ring mail
rPois   inf        Reflect  .    (no helmet)
rElec   +          Harm     .    (no cloak)
rCorr   .          Rampage  .    (no gloves)
Will    .....                    (no boots)
Stlth   ..........               (no amulet)
HPRegen 0.07/turn                l - ring of positive energy
MPRegen 0.08/turn                (no ring)

@: about to teleport, grasped by roots, constricted
A: sickness immunity, AC +3, negative energy resistance 1, electricity
resistance, torment resistance 1, petrification resistance
a: no special abilities


You were on level 2 of the Dungeon.
You visited 1 branch of the dungeon, and saw 2 of its levels.

You collected 50 gold pieces.


Innate Abilities, Weirdness & Mutations

You are immune to sickness and miasma.
Your stone body is resilient. (AC +3)
You are immune to poison.
You resist negative energy. (rN+)
You are resistant to electric shocks. (rElec)
You are resistant to unholy torment.
You are immune to petrification.


   Skills:
 - Level 3.2 Fighting
 + Level 3.5 Axes
 - Level 3.2 Armour
 - Level 3.2 Shields


You had 2 spell levels left.
You didn't know any spells.
Your spell library was empty.

Inventory:

Hand Weapons
 b - a +0 whip
 Y - a +0 war axe (weapon)
Armour
 c - a +0 buckler (worn)
 g - a +3 ring mail (worn)
Jewellery
 l - a ring of positive energy (left hand)
Scrolls
 e - a scroll of magic mapping {unknown}
Potions
 d - 2 potions of might
 i - a potion of curing

Dungeon Overview and Level Annotations

Branches:
Dungeon (2/15)

Altars:

Annotations:
D:2 Ijyb


Message History

You slash the goblin!
You kill the goblin!
You hit the goblin.
You kill the goblin!
The goblin hits you but does no damage.
You hit the goblin.
The goblin is heavily wounded.
You block the goblin's attack.
You hit the goblin.
You kill the goblin!
The goblin barely misses you.
Items here: %%% )))).
You slash Ijyb!
Ijyb is moderately wounded.
You slash the goblin!
You kill the goblin!
You block Ijyb's attack. Ijyb barely misses you. You block the goblin's attack.
You barely miss Ijyb.
Ijyb is moderately wounded.
You slash the goblin!
You kill the goblin!
Ijyb hits you but does no damage.
You closely miss Ijyb.
Ijyb is moderately wounded.
You block Ijyb's attack.
You hit Ijyb but do no damage.
Ijyb is moderately wounded.
Ijyb zaps a wand.
The roots erupt in riotous growth!
The grasping roots grab you!
Ijyb is unaffected.
The grasping roots constrict you. Ijyb hits you with a +0 club.
The grasping roots constrict you.
You barely miss Ijyb.
Ijyb is moderately wounded.
Ijyb hits you with a +0 club. The grasping roots constrict you.
1296 ||| READING scroll of teleportation.
As you read the scroll of teleportation, it crumbles to dust.
You feel strangely unstable.
Ijyb screams, "No!
No, no, no, no!"
Ijyb hits you with a +0 club.
You die...

#.#.#.###
8.....8#.#.#....
.......#.#.##...
8.....8#.#.##.##
......$#.#.##.#
##8.....8#.#.##.#
#........#.#.##.##
#g)......#........
####@########........
#..........<#..###.##
..........####.#..#
#.##
####.####.###.#...#
#... #. #.........#
#### # ###########


You could see Ijyb.

Vanquished Creatures
  An adder (D:1)
  2 ball pythons (D:1)
  4 endoplasms (D:1)
  6 goblins (D:2)
  4 jackals
  5 kobolds (D:1)
  3 frilled lizards (D:1)
  7 rats (D:1)
32 creatures vanquished.

Notes
Turn   | Place    | Note
-------+----------+-------------------------------------------
     0 | D:1      | qw the Gargoyle Fighter began the quest for the Orb.
     0 | D:1      | Reached XP level 1. HP: 14/14 MP: 1/1
     0 | D:1      | 0 ||| qw: Version: 0.2-a-10-g37ed214
     0 | D:1      | 0 ||| qw: Game counter: 710
     0 | D:1      | 0 ||| qw: Always use a shield: true
     0 | D:1      | 0 ||| qw: God list: Okawaru
     0 | D:1      | 0 ||| qw: Allow faded altars: false
     0 | D:1      | 0 ||| qw: Do Orc after D:15 true
     0 | D:1      | 0 ||| qw: Do second Lair branch before Depths: true
     0 | D:1      | 0 ||| qw: Lair rune preference: random
     0 | D:1      | 0 ||| qw: Plans: Normal, Zot:1-4, God:TSO, Crypt, Tomb,
                  | Pan, Slime:5, Hells, Abyss, Orb
     0 | D:1      | 0 ||| PLANNING D:1-11
    72 | D:1      | HP: 2/14 [kobold/+0 short sword (2)]
    76 | D:1      | 76 ||| Stepping ~*~*~tactically~*~*~ (stealth).
    90 | D:1      | 90 ||| Stepping ~*~*~tactically~*~*~ (stealth).
    92 | D:1      | 92 ||| Stepping ~*~*~tactically~*~*~ (stealth).
   396 | D:1      | 396 ||| Stepping ~*~*~tactically~*~*~ (stealth).
   445 | D:1      | Reached XP level 2. HP: 19/19 MP: 2/2
  1030 | D:1      | 1030 ||| UPGRADING to +3 ring mail.
  1040 | D:1      | 1040 ||| DROPPING +0 scale mail.
  1041 | D:1      | 1041 ||| DROPPING +6 ring of intelligence.
  1042 | D:1      | 1042 ||| UPGRADING to ring of positive energy.
  1043 | D:1      | 1043 ||| READING 2 scrolls labelled CIAG KOCODEULA.
  1048 | D:1      | 1048 ||| READING scroll labelled ILLAAK XECVUILE.
  1049 | D:1      | 1049 ||| READING scroll labelled IVYNAR UDY.
  1087 | D:1      | 1087 ||| READING scroll labelled XOMPURR OSOEW.
  1088 | D:1      | 1088 ||| DRINKING 2 glowing green potions.
  1124 | D:2      | 1124 ||| STAIRDANCE
  1127 | D:1      | Reached skill level 3 in Axes
  1129 | D:2      | 1129 ||| STAIRDANCE
  1145 | D:1      | Reached XP level 3. HP: 23/23 MP: 3/3
  1147 | D:2      | 1147 ||| STAIRDANCE
  1154 | D:2      | 1154 ||| STAIRDANCE
  1159 | D:1      | 1159 ||| DROPPING +0 club.
  1163 | D:2      | 1163 ||| STAIRDANCE
  1279 | D:2      | 1279 ||| Stepping ~*~*~tactically~*~*~ (stealth).
  1281 | D:2      | 1281 ||| Stepping ~*~*~tactically~*~*~ (stealth).
  1282 | D:2      | Noticed Ijyb
  1283 | D:2      | 1283 ||| Stepping ~*~*~tactically~*~*~ (hiding).
  1295 | D:2      | HP: 5/23 [constriction (3)]
  1296 | D:2      | 1296 ||| READING scroll of teleportation.
  1296 | D:2      | Slain by Ijyb

Levels and vault maps discovered:
D:1:      sevenhm_arrival_forest_fort_large_1, layout_rooms
D:2:      kennysheep_the_goblin_king, layout_loops_ring, serial_shops,
          nicolae_lakefront_shop, basic_altar, minmay_misc_feat_columns,
          hangedman_decor_push

Skill      XL: |  1  2 |
---------------+-------+-----
Axes           | 2 3 |  3.5
Fighting       | |  3.2
Armour         | |  3.2
Shields        | |  3.2

Action                   || total
-------------------------++-------
Melee: War axe           ||    98
  Use: Scroll            ||     5
       Potion            ||     1
Armor: Scale mail        ||    31
       Ring mail         ||    21
Dodge: Dodged            ||    54
Block: Buckler           ||    23

Table legend:
 A = Non-vault XP
 B = Vault XP
 C = Vault XP percentage of total XP
 D = Non-vault monster count
 E = Vault monster count
 F = Vault count percentage of total count
                 A         B        C        D         E       F
            +---------+---------+-------+---------+---------+-------
      Total |      48 |      15 |  23.8 |      23 |       9 |  28.1
            +---------+---------+-------+---------+---------+-------
        D:1 |      46 |       3 |   6.1 |      22 |       3 |  12.0
        D:2 |       2 |      12 |  85.7 |       1 |       6 |  85.7
            +---------+---------+-------+---------+---------+-------
